 Dungeon Crawl Stone Soup version 0.32-a0-913-g739538afd8 (webtiles) character file.

Game seed: 6415260369154496467

6528 dynoo the Grappler (level 10, -2/105 HPs)
             Began as a Troll Chaos Knight on Apr 5, 2024.
             Was a Plaything of Xom.
             Slain by an ufetubus (4 damage)
             ... summoned by a ynoxinul
             ... on level 9 of the Dungeon on Apr 8, 2024.
             The game lasted 00:19:37 (7183 turns).

dynoo the Grappler (Troll Chaos Knight)             Turns: 7183, Time: 00:19:38

Health: -2/105     AC: -3    Str: 26    XL:     10   Next: 69%
Magic:  9/9        EV: 12    Int:  8    God:    Xom [.*....]
Gold:   581        SH:  0    Dex: 15    Spells: 9/9 levels left

rFire   . .          .
                       - Unarmed
rCold   . . .        n - orb {guile}
rNeg    . . .        F - +3 robe "Elubykat" {*Slow +Inv rElec Will++}
rPois   +            (helmet restricted)
rElec   +            z - +1 cloak
rCorr   .            (gloves unavailable)
SInv    .            (boots unavailable)
Will    .....        (no amulet)
Stlth   ++           o - ring of poison resistance
HPRegen 1.17/turn    v - +6 ring of dexterity
MPRegen 0.11/turn

%: slow self (1%)
@: about to teleport, corroded
A: large, unfitting armour, claws 3, regeneration 1, shaggy fur 1, tough skin 1,
talons 1, robust 1, electricity resistance
a: Renounce Religion, Evoke Invisibility


You were on level 9 of the Dungeon.
You worshipped Xom.
You were a plaything of Xom.
You visited 1 branch of the dungeon, and saw 9 of its levels.
You also visited: Sewer.

You collected 581 gold pieces.

Inventory:

Missiles
 k - a throwing net (quivered)
 D - 45 stones
Armour
 a - a +2 robe
 n - an orb of guile (worn)
 y - a +0 kite shield
 z - a +1 cloak (worn)
 F - the +3 robe "Elubykat" (worn) {*Slow +Inv rElec Will++}
   (You found it on level 5 of the Dungeon)

   rElec:     It insulates you from electricity.
   Will++:    It greatly increases your willpower.
   +Inv:      It lets you turn invisible.
   *Slow:     It may slow you when you take damage.
Jewellery
 f - an amulet of magic regeneration
 o - a ring of poison resistance (left claw)
 v - a +6 ring of dexterity (right claw)
 x - a +6 ring of dexterity
 E - a ring of ice
 G - a ring of resist corrosion
 K - a ring of flight
 N - a ring of wizardry
Wands
 t - a wand of charming (9)
Scrolls
 e - 3 scrolls of enchant armour
 g - 8 scrolls of identify {unknown}
 l - 3 scrolls of poison {unknown}
 s - a scroll of silence {unknown}
 u - a scroll of fog {unknown}
 B - 3 scrolls of vulnerability {unknown}
 C - 2 scrolls of fear {unknown}
 H - 2 scrolls of teleportation
 I - 2 scrolls of noise {unknown}
 J - 2 scrolls of immolation {unknown}
 L - a scroll of blinking {unknown}
 M - a scroll of amnesia {unknown}
 O - a scroll of torment {unknown}
Potions
 c - 3 potions of curing
 d - 2 potions of degeneration {unknown}
 h - a potion of resistance {unknown}
 i - 2 potions of attraction {unknown}
 j - a potion of cancellation {unknown}
 m - 5 potions of might {unknown}
 p - 2 potions of heal wounds
 q - 2 potions of lignification {unknown}
 r - 3 potions of enlightenment
 w - a potion of invisibility {unknown}
 A - 2 potions of brilliance {unknown}


   Skills:
 + Level 5.2 Fighting
 + Level 6.8 Dodging
 + Level 2.7 Stealth
 + Level 12.7 Unarmed Combat


You had 9 spell levels left.
You didn't know any spells.
Your spell library contained the following spells:

 Spells                   Type           Power      Damage    Failure   Level
 Sting                    Conj/Alch      0%         1d3       41%         1
 Ensorcelled Hibernation  Hex/Ice        0%         N/A       54%         2
 Mercury Vapours          Alch/Air       0%         N/A       54%         2
 Fugue of the Fallen      Necr           0%         N/A       78%         3
 Summon Ice Beast         Ice/Summ       0%         N/A       78%         3
 Anguish                  Hex/Necr       0%         N/A       99%         4
 Cause Fear               Hex            0%         N/A       99%         4
 Olgreb's Toxic Radiance  Alch           0%         N/A       99%         4
 Summon Mana Viper        Hex/Summ       0%         N/A       100%        5
 Enfeeble                 Hex            0%         N/A       100%        7
 Haunt                    Necr/Summ      0%         N/A       100%        7
 Monstrous Menagerie      Summ           0%         N/A       100%        7
 Borgnjor's Revivificati  Necr           0%         N/A       100%        8
 Death's Door             Necr           0%         N/A       100%        9


Dungeon Overview and Level Annotations

Branches:
Dungeon (9/15)             Temple (0/1) D:4            Lair (0/5) D:8
  Sewer (visited)
    Orc: D:9-12

Altars:
Ashenzari
Xom

Shops:
D:1 (   D:5 ?


Innate Abilities, Weirdness & Mutations

You are too large for most types of armour.
You have claws for hands.
Your natural rate of healing is unusually fast.
You are covered in fur. (AC +1)
You have tough skin. (AC +1)
You have sharp toenails.
You are robust. (+10% HP)
You are resistant to electric shocks. (rElec)


Message History

The ufetubus completely misses your butterfly.
The ufetubus misses your butterfly.
The ufetubus completely misses your butterfly.
The ufetubus closely misses your butterfly.
The yak misses your butterfly. The yak barely misses your butterfly.
The yak gores you.
* * * LOW HITPOINT WARNING * * *
The rust devil completely misses your butterfly.
The ufetubus barely misses your butterfly.
The ufetubus misses your butterfly. The yak gores you but does no damage.
The ufetubus misses your butterfly.
The ufetubus closely misses your butterfly.
The ufetubus completely misses your butterfly.
The ufetubus misses your butterfly.
The ufetubus closely misses your butterfly.
The ufetubus misses your butterfly.
The ufetubus closely misses your butterfly. x2
The ynoxinul closely misses your butterfly.
The yak misses your butterfly. The yak gores your butterfly.
Your butterfly dies!
Your butterfly disappears in a burst of colours!
The yak attacks as it pursues you! The yak misses you.
The ufetubus misses your butterfly. x2; The yak gores you!
* * * LOW HITPOINT WARNING * * *
The ufetubus closely misses your butterfly.
The ufetubus completely misses your butterfly.
Okay, then.
As you read the scroll labelled QAXOZXE VEGODO, it crumbles to dust.
You feel strangely unstable.
It was a scroll of teleportation.
The ufetubus completely misses your butterfly.
The ufetubus barely misses your butterfly.
The ynoxinul gestures.
The rust devil hits you.
* * * LOW HITPOINT WARNING * * *
The rust devil corrodes you! The ufetubus hits your butterfly.
Your butterfly dies!
Your butterfly disappears in a burst of colours!
The ufetubus hits you.
You die...
Xom chortles!

###......§§§§#
#..........≈§#
#.........S# .
######..........#≈..
#..b.5b5bb.....#.≈≈.
#b5553...b...#≈≈....
#..bbbbbb....≈§.$..$
#..b5.Y45##..#≈#.§..
#..Y.Y.@......≈#≈§≈.
#.....YY.#..[...#≈.[
########.##.....##..
#.###....≈.## #.#
#......# #######.#
##!.....
#.......#####...
##.........>...#
#..............#


You could see a rust devil (ally target), 5 yaks, a ynoxinul (ally target) and 7
ufetubi.

Vanquished Creatures
  A two-headed ogre (D:9)
  A centaur warrior (D:8)
  Joseph (D:7)
  A black mamba (shapeshifter) (D:8)
  A hellwing (D:9)
  A hog (shapeshifter) (D:8)
  A steam dragon (D:8)
  Menkaure (D:6)
  A vampire mosquito (D:8)
  2 acid dragons
  5 water moccasins
  7 black bears
  4 orc warriors
  3 centaurs
  4 bullfrogs
  4 kobold brigands
  A gnoll sergeant (D:8)
  5 wights
  4 killer bees (D:7)
  2 bombardier beetles (D:4)
  Crazy Yiuf (D:4)
  6 hounds
  A jelly (D:8)
  4 orc priests
  A gnoll bouda (D:7)
  2 iguanas
  8 orc wizards
  Robin (D:3)
  12 gnolls
  7 adders
  A shadow imp (D:5)
  4 white imps
  A dart slug (D:4)
  3 ribbon worms
  18 orcs
  8 endoplasms
  A giant cockroach (D:1)
  13 goblins
  4 hobgoblins
  5 jackals
  20 kobolds
  3 quokkas
  6 ball pythons
  6 bats
  7 frilled lizards
  4 rats
197 creatures vanquished.

Vanquished Creatures (collateral kills)
  3 gnolls (D:2)
  An endoplasm (D:2)
  A kobold (D:2)
  3 bats (D:2)
8 creatures vanquished.

Grand Total: 205 creatures vanquished

Notes
Turn   | Place    | Note
-------+----------+-------------------------------------------
     0 | D:1      | dynoo the Troll Chaos Knight began the quest for the Orb.
     0 | D:1      | Reached XP level 1. HP: 22/22 MP: 0/0
   340 | D:1      | XOM: divination: detect creatures
   377 | D:1      | Reached XP level 2. HP: 29/29 MP: 1/1
   379 | D:1      | XOM is BORED!
   379 | D:1      | XOM: silly message
   404 | D:1      | Upgraded the game from 0.32-a0-900-g30fb1b0edc to
                  | 0.32-a0-913-g739538afd8
   452 | D:1      | XOM: silly message
   620 | D:1      | XOM is BORED!
   620 | D:1      | XOM: summons 2 hostile demons
   651 | D:1      | XOM: scenery: create altars
   762 | D:1      | Found Dimaicsi's Antique Weapon Shoppe.
   912 | D:2      | Reached XP level 3. HP: 36/36 MP: 2/2
  1243 | D:2      | Reached skill level 4 in Unarmed Combat
  1252 | D:2      | Reached XP level 4. HP: 36/44 MP: 3/3
  1494 | D:3      | Reached XP level 5. HP: 49/53 MP: 4/4
  1785 | D:3      | Noticed Robin
  1793 | D:3      | Killed Robin
  1917 | D:3      | Reached skill level 5 in Unarmed Combat
  1925 | D:3      | XOM: give mutations
  1925 | D:3      | Gained mutation: You have sharp toenails. [Xom's grace]
  1925 | D:3      | Gained mutation: You are robust. (+10% HP) [Xom's grace]
  1925 | D:3      | Gained mutation: You are resistant to electric shocks.
                  | (rElec) [Xom's grace]
  2525 | D:4      | XOM: stat loss: -1 Dex (8/9)
  2534 | D:4      | Reached XP level 6. HP: 67/67 MP: 5/5
  2643 | D:4      | Found a staircase to the Ecumenical Temple.
  2758 | D:4      | Found a runed translucent door.
  2759 | D:4      | Noticed Crazy Yiuf
  3004 | D:4      | Killed Crazy Yiuf
  3037 | D:5      | Entered Level 5 of the Dungeon
  3079 | D:5      | Reached skill level 6 in Unarmed Combat
  3199 | D:5      | Identified the +3 robe "Elubykat" {*Slow +Inv rElec Will++}
  3208 | D:5      | Reached XP level 7. HP: 68/74 MP: 6/6
  3237 | D:5      | Found a glowing drain.
  3260 | Sewer    | Entered a sewer
  3334 | Sewer    | XOM: divination: detect creatures
  3335 | Sewer    | XOM: potion effect (berserk rage)
  3371 | Sewer    | Found a white marble altar of Elyvilon.
  3460 | D:5      | Reached skill level 1 in Stealth
  3499 | D:5      | XOM: cloud trail
  3617 | D:5      | Found Nommus's Magic Scroll Shoppe.
  3801 | D:6      | Reached skill level 7 in Unarmed Combat
  3823 | D:6      | XOM: cloud trail
  3892 | D:6      | Noticed Menkaure
  3897 | D:6      | Killed Menkaure
  4213 | D:6      | Reached skill level 8 in Unarmed Combat
  4213 | D:6      | Reached XP level 8. HP: 84/85 MP: 7/7
  4425 | D:7      | Noticed Joseph
  4425 | D:7      | XOM: 1-stop teleportation journey
  4427 | D:7      | XOM: confuse monster(s)
  4434 | D:7      | XOM: fog
  4435 | D:7      | Killed Joseph
  4436 | D:7      | Reached skill level 9 in Unarmed Combat
  4614 | D:7      | XOM: summons 5 hostile demons
  4705 | D:7      | Reached XP level 9. HP: 90/92 MP: 8/8
  4928 | D:7      | XOM: summons 1 hostile demon
  5015 | D:8      | XOM: divination: detect creatures
  5016 | D:8      | Reached skill level 10 in Unarmed Combat
  5023 | D:7      | XOM: chaos cloud
  5055 | D:8      | XOM: smoke on damage
  5056 | D:7      | XOM: summons 9 friendly demons
  5084 | D:8      | Reached skill level 5 in Dodging
  5090 | D:7      | XOM: silly message
  5619 | D:7      | XOM: silly message
  5860 | D:7      | XOM: god gift: robe {god gift}
  5877 | D:8      | Reached skill level 11 in Unarmed Combat
  5903 | D:8      | Found a staircase to the Lair.
  5918 | D:8      | Found a broken altar of Ashenzari.
  5934 | D:8      | a black bear changed into a glowing shapeshifter
  5934 | D:8      | Noticed a glowing shapeshifter (glowing shapeshifter)
  5934 | D:8      | XOM: polymorph black bear -> glowing shapeshifter
  5936 | D:8      | a glowing shapeshifter changed into a cane toad
  5936 | D:8      | Noticed a cane toad (glowing shapeshifter)
  5938 | D:8      | a cane toad changed into a black mamba
  5938 | D:8      | Noticed a black mamba (glowing shapeshifter)
  5942 | D:8      | Killed a black mamba
  6132 | D:8      | Noticed a centaur warrior
  6136 | D:8      | Reached XP level 10. HP: 99/103 MP: 9/9
  6140 | D:8      | Killed a centaur warrior
  6226 | D:8      | Reached skill level 5 in Fighting
  6353 | D:8      | Reached skill level 12 in Unarmed Combat
  6539 | D:8      | XOM: silly message
  6932 | D:9      | Noticed a two-headed ogre
  6942 | D:9      | Killed a two-headed ogre
  7091 | D:9      | XOM: scenery: 1 doors open
  7099 | D:9      | XOM is BORED!
  7147 | D:9      | Noticed a smoke demon
  7148 | D:9      | Noticed a rust devil
  7164 | D:9      | a smoke demon changed into a ynoxinul
  7164 | D:9      | XOM: polymorph smoke demon -> ynoxinul
  7182 | D:9      | HP: 3/105 [yak (14)]
  7183 | D:9      | Slain by an ufetubus

Illustrated notes

Levels and vault maps discovered:
D:1:      giann_horns, layout_basic, serial_shops, nicolae_square_shop,
          minivault_27
D:2:      minmay_recursive_quarters, layout_basic
D:3:      layout_loops_corners, nicolae_figureground_pulse, uniq_robin
D:4:      layout_loops_ring, minmay_temple_entry_grid, uniq_crazy_yiuf_cottage
D:5:      layout_rooms, serial_shops, kennysheep_little_box,
          cheibrodos_sewer_entry_sluice
D:6:      layout_gridville, uniq_menkaure
D:7:      layout_basic, uniq_joseph
D:8:      layout_rooms, mainiacjoe_overflow_alcove_1,
          due_lair_maze_entry_diamond, minmay_shattered_shrine
D:9:      layout_irregular_city, nicolae_where_there's_smoke

Skill      XL: |  1  2  3  4  5  6  7  8  9 10 |
---------------+-------------------------------+-----
Dodging        | 2 3 4 5 6 |  6.8
Unarmed Combat | 4 5 6 8 9 11 12 | 12.7
Fighting       | 3 4 5 |  5.2
Stealth        | 1 2 |  2.7

Action                     |  1- 3 |  4- 6 |  7- 9 | 10-12 || total
---------------------------+-------+-------+-------+-------++-------
  Melee: Unarmed           |   114 |   115 |   227 |   102 ||   558
         Kick              |       |    14 |    61 |    34 ||   109
  Throw: Throwing net      |       |     1 |       |       ||     1
    Use: Scroll            |       |       |     1 |     2 ||     3
   Stab: Sleeping          |       |       |     2 |       ||     2
 Armour: Robe              |    69 |    64 |   247 |   108 ||   488
  Dodge: Dodged            |    46 |    47 |   164 |    80 ||   337

Table legend: (Time is in decaauts)
 A = Elapsed time spent in this place.
 B = Non-inter-level travel time spent in this place.
 C = Inter-level travel time spent in this place.
 D = Time resting spent in this place.
 E = Time spent auto-exploring this place.
 F = Levels seen in this place.
 G = Mean time per level.
                   A        B        C        D        E       F      G
               +--------+--------+--------+--------+--------+-----+--------+
         Total |   7148 |   7034 |    114 |    900 |   4612 |  10 |  714.8 |
       Dungeon |   6985 |   6871 |    114 |    900 |   4505 |   9 |  776.1 |
         Sewer |    163 |    163 |      0 |      0 |    106 |   1 |  163.0 |
               +--------+--------+--------+--------+--------+-----+--------+

Top non-repeatable levels by time:
     D:7: 1422 daAuts
     D:8: 923 daAuts
     D:1: 891 daAuts
     D:3: 865 daAuts
     D:4: 692 daAuts
     D:5: 599 daAuts
     D:6: 584 daAuts
     D:2: 568 daAuts
     D:9: 437 daAuts
   Sewer: 163 daAuts
